 Dungeon Crawl Stone Soup version 0.26.1-11-gd32895ea62 (webtiles) character file.

Game seed: 12683248548258405319

333 scsoc the Skirmisher (level 6, -2/52 HPs)
             Began as a Demigod Fighter on July 6, 2021.
             Slain by an orc warrior
             ... wielding a cursed -3 war axe
              (17 damage)
             ... on level 3 of the Dungeon.
             The game lasted 00:08:24 (2959 turns).

scsoc the Skirmisher (Demigod Fighter)              Turns: 2959, Time: 00:08:25

Health: -2/52      AC:  3    Str: 23    XL:     6   Next: 5%
Magic:  8/8        EV: 18    Int: 12    God:
Gold:   248        SH: 10    Dex: 15    Spells: 5/5 levels left

rFire    . . .     SeeInvis .   a - +0 long sword
rCold    . . .     Faith    .   c - +0 kite shield
rNeg     . . .     Spirit   .   n - +0 leather armour
rPois    .         Reflect  .   (no helmet)
rElec    .         Harm     .   (no cloak)
rCorr    .         Rampage  .   (no gloves)
Will     .....                  (no boots)
Stlth    +.........             (no amulet)
HPRegen  0.17/turn              g - +4 ring of evasion
MPRegen  0.11/turn              b - +4 ring of evasion

@: no status effects
A: high mp 1
a: no special abilities


You were on level 3 of the Dungeon.
You visited 1 branch of the dungeon, and saw 3 of its levels.
You also visited: Sewer.

You collected 248 gold pieces.

Inventory:

Hand Weapons
 a - a +0 long sword (weapon)
Armour
 c - a +0 kite shield (worn)
 n - a +0 leather armour (worn)
Jewellery
 b - a +4 ring of evasion (right hand)
 g - a +4 ring of evasion (left hand)
 h - a +6 ring of intelligence {unknown}
 m - an uncursed ring of fire
 o - a cursed ring of teleportation {unknown}
Wands
 d - a wand of digging (5)
Scrolls
 e - 6 scrolls of identify
 f - 2 scrolls of fear
 j - a scroll of amnesia {unknown}
 p - a scroll of random uselessness {unknown}
 q - a scroll of blinking {unknown}
Potions
 i - 2 potions of attraction
 l - a potion of cancellation
 r - a potion of curing


   Skills:
 * Level 4.1 Fighting
 * Level 3.5 Long Blades
 + Level 3.4 Armour
 + Level 2.0 Dodging
 + Level 3.4 Shields


You had 5 spell levels left.
You didn't know any spells.
Your spell library was empty.

Dungeon Overview and Level Annotations

Branches:
Dungeon (3/15)              Sewer (visited)

Annotations:
D:3 Terence


Innate Abilities, Weirdness & Mutations

You have an increased reservoir of magic. (+10% MP)


Message History

The orc warrior hits you but does no damage.
The orc wizard looks satisfied for a moment.
Terence hits you but does no damage.
You hit the orc warrior but do no damage.
The orc warrior is heavily wounded.
The orc warrior hits you but does no damage.
You block Terence's attack.
You closely miss the orc warrior.
The orc warrior is heavily wounded.
You block the orc warrior's attack. You block Terence's attack.
You hit the orc warrior but do no damage.
The orc warrior is heavily wounded.
The orc warrior hits you but does no damage.
Terence hits you but does no damage.
You hit the orc warrior but do no damage.
The orc warrior is heavily wounded.
You feel less wooden.
Your +0 leather armour unmelds from your body.
The orc warrior hits you with a cursed -3 war axe!
You die...

#.##...†.........#
#......#####.###.#
####..## #.# #.#
#..# #.# #.# #..#
#.# #.# #..# #.#
#@.# #.#
#.#.###..##
#..ooo@...#
#.#######$..# ##
...... ## ..####
._ ..# #. ..# #.
..# #+


You could see an orc warrior, Terence, an orc wizard and an orc.

Vanquished Creatures
  Purgy (Sewer)
  Natasha (thrice) (D:2)
  3 adders
  A gnoll (D:1)
  2 river rats (D:3)
  An ooze (D:1)
  An adder skeleton (D:3)
  2 worms
  5 dart slugs
  3 leopard geckos (D:1)
  6 bats
  3 giant cockroaches
  7 goblins
  9 hobgoblins
  13 jackals
  A quokka (D:3)
  A ball python (D:3)
  3 frilled lizards
  10 kobolds
  10 rats
85 creatures vanquished.

Vanquished Creatures (others)
  2 plants (D:1)
2 creatures vanquished.

Grand Total: 87 creatures vanquished

Notes
Turn   | Place    | Note
-------+----------+-------------------------------------------
     0 | D:1      | scsoc the Demigod Fighter began the quest for the Orb.
     0 | D:1      | Reached XP level 1. HP: 18/18 MP: 3/3
    24 | D:1      | Reached XP level 2. HP: 16/25 MP: 4/4
   334 | D:1      | Reached skill level 3 in Fighting
   449 | D:1      | Reached XP level 3. HP: 21/31 MP: 5/5
   918 | D:2      | Reached skill level 1 in Dodging
  1241 | D:2      | Noticed Natasha
  1254 | D:2      | Killed Natasha
  1255 | D:2      | Reached XP level 4. HP: 21/38 MP: 6/6
  1641 | D:2      | Noticed Natasha
  1663 | D:2      | Killed Natasha
  1951 | D:2      | Noticed Natasha
  1959 | D:2      | Killed Natasha
  2028 | D:3      | Reached XP level 5. HP: 41/45 MP: 7/7
  2339 | D:3      | Found a glowing drain.
  2364 | Sewer    | Entered a sewer
  2604 | Sewer    | Noticed Purgy
  2622 | Sewer    | Killed Purgy
  2623 | Sewer    | Reached skill level 4 in Fighting
  2623 | Sewer    | Reached XP level 6. HP: 30/52 MP: 8/8
  2856 | D:3      | Found a faded altar of an unknown god.
  2938 | D:3      | Found a sparkling altar of Nemelex Xobeh.
  2942 | D:3      | Noticed Terence
  2959 | D:3      | Slain by an orc warrior

Illustrated notes

Levels and vault maps discovered:
D:1:      ebering_hopf_link, layout_rooms, serial_bayou_pond_c,
          minmay_octomino_e4
D:2:      layout_basic, uniq_natasha
D:3:      layout_loops_ring, lemuel_doored_altar,
          chequers_ecumenical_altar_island, portal_sewer_entry_b,
          minmay_quadrilaterals, uniq_ijyb, uniq_terence

Skill      XL: |  1  2  3  4  5 |
---------------+----------------+-----
Long Blades    | 2 3 |  3.5
Fighting       | 3 4 |  4.1
Dodging        | 1 2 |  2.0
Armour         | 3 |  3.4
Shields        | 3 |  3.4

Action                   |  1- 3 |  4- 6 || total
-------------------------+-------+-------++-------
Melee: Long sword        |   103 |   165 ||   268
  Use: Scroll            |     2 |     4 ||     6
       Potion            |       |     2 ||     2
Armor: Scale mail        |    35 |       ||    35
       Plate armour      |    25 |    16 ||    41
       Leather armour    |       |    16 ||    16
       Skin              |       |    11 ||    11
Dodge: Dodged            |    40 |   141 ||   181
Block: Kite shield       |    50 |   125 ||   175
       Rpst.: Long sword |    13 |    38 ||    51
